 Dungeon Crawl Stone Soup version 0.30-a0-250-g41c1d76940 (webtiles) character file.

Game seed: 11097196458310389515

1963 Flugkiller the Nimble (level 9, 0/61 HPs)
             Began as an Octopode Delver on Oct 12, 2022.
             Was an Initiate of Gozag.
             Shot with a bolt by an orc warrior (12 damage)
             ... on level 6 of the Dungeon.
             The game lasted 00:07:24 (4943 turns).

Flugkiller the Nimble (Octopode Delver)             Turns: 4943, Time: 00:07:24

Health: 0/61       AC:  1    Str: 12    XL:     9   Next: 19%
Magic:  0/9        EV: 17    Int: 12    God:    Gozag
Gold:   718        SH:  4    Dex: 17    Spells: 8/8 levels left

rFire   + . .      SeeInvis .    s - +7 war axe "Veciname" {holy, *Corrode rF+ rC+ rN+}
rCold   + . .      Faith    .    q - +0 buckler
rNeg    + . .      Spirit   +    (helmet restricted)
rPois   .          Reflect  .    m - amulet of guardian spirit
rElec   .          Harm     .    (no ring)
rCorr   .          Rampage  .    (no ring)
Will    .....                    (no ring)
Stlth   ++++......               (no ring)
HPRegen 0.30/turn                (no ring)
MPRegen 0.11/turn                (no ring)
                                 (no ring)
                                 (no ring)

@: gold aura
A: almost no armour, amphibious, 8 rings, camouflage 1, gelatinous body 1,
(nimble swimmer 1), tentacles
a: Renounce Religion, Potion Petition, Call Merchant, Bribe Branch


You were on level 6 of the Dungeon.
You worshipped Gozag.
Gozag was pleased with you.
You visited 2 branches of the dungeon, and saw 7 of its levels.

You collected 759 gold pieces.
You paid 41 gold pieces to Gozag.

Inventory:

Hand Weapons
 a - a +0 short sword
 s - the +7 war axe "Veciname" (weapon) {holy, *Corrode rF+ rC+ rN+}
   (You found it on level 5 of the Dungeon)

   It has been blessed by the Shining One to cause great damage to the undead
   and demons.
   rF:        It protects you from fire.
   rC:        It protects you from cold.
   rN:        It protects you from negative energy.
   *Corrode:  It may corrode you when you take damage.
 t - a +1 vorpal falchion
   (You took it off a goblin on level 2 of the Dungeon)
Missiles
 j - 5 boomerangs (quivered)
 A - 3 poisoned darts
Armour
 q - a +0 buckler (worn)
   (You found it on level 1 of the Dungeon)
Jewellery
 l - the ring "Imytanue" {*Slow rElec rCorr MP+9 Stlth+}
   (You found it on level 3 of the Dungeon)

   [ring of magical power]

   rElec:     It insulates you from electricity.
   MP:        It affects your magic capacity (+9).
   rCorr:     It protects you from acid and corrosion.
   *Slow:     It may slow you when you take damage.
   Stlth:     It makes you more stealthy.
 m - an amulet of guardian spirit (around mantle)
   (You took it off a goblin on level 4 of the Dungeon)
Wands
 f - a wand of digging (6)
 B - a wand of paralysis (6)
   (You took it off Pikel on level 6 of the Dungeon)
Scrolls
 b - a scroll of fog
 c - 3 scrolls of magic mapping
 d - 5 scrolls of fear
 e - a scroll of immolation {unknown}
 g - 2 scrolls of identify {unknown}
 i - a scroll of vulnerability {unknown}
 n - a scroll of blinking {unknown}
 o - a scroll of noise {unknown}
 r - 4 scrolls of enchant armour {unknown}
 v - a scroll of butterflies {unknown}
 x - a scroll of teleportation {unknown}
 y - 3 scrolls of brand weapon {unknown}
Potions
 h - 2 potions of haste
 k - a potion of curing {unknown}
 p - 2 potions of brilliance
 u - a potion of berserk rage {unknown}
 z - a potion of might {unknown}
 C - a potion of invisibility {unknown}
 D - a potion of flight {unknown}


   Skills:
 - Level 5.0 Fighting
 - Level 2.0 Short Blades
 - Level 4.0 Axes
 - Level 8.9 Dodging
 - Level 6.6 Stealth
 - Level 0.3 Shields
 + Level 5.6 Evocations


You had 8 spell levels left.
You didn't know any spells.
Your spell library contained the following spells:

 Spells                   Type           Power      Damage    Failure   Level
 Sandblast                Erth           0%         2d4       41%         1
 Slow                     Hex            0%         N/A       41%         1
 Passwall                 Tmut/Erth      0%         N/A       56%         2
 Confusing Touch          Hex            0%         N/A       80%         3
 Hailstorm                Conj/Ice       0%         3d3       80%         3
 Stone Arrow              Conj/Erth      0%         3d7       80%         3
 Tukima's Dance           Hex            0%         N/A       80%         3
 Vampiric Draining        Necr           0%         2d6       80%         3
 Ice Form                 Ice/Tmut       0%         N/A       99%         4
 Passage of Golubria      Tloc           0%         N/A       99%         4
 Yara's Violent Unravell  Hex/Tmut       0%         3d3       100%        5
 Simulacrum               Ice/Necr       Unusable   N/A       N/A         6

Dungeon Overview and Level Annotations

Branches:
Dungeon (6/15) Zot: 25887  Temple (1/1) D:4 Zot: 5947

Altars:
Ashenzari
Cheibriados
Dithmenos
Fedhas
Gozag
Hepliaklqana
Makhleb
Nemelex Xobeh
Okawaru
Qazlal
Ru
Sif Muna
Trog
Uskayaw
Xom
Zin
The Shining One

Shops:
D:1 (


Innate Abilities, Weirdness & Mutations

You cannot wear most types of armour.
You are amphibious.
You can wear up to eight rings at the same time.
Your skin changes colour to match your surroundings (Stealth+).
Your rubbery body absorbs attacks. (AC +1, EV +1)
((You are camouflaged when in or above water. (Stealth+)))
You have tentacles for arms and can constrict up to eight enemies at once.


Message History

Press: ? - help, Shift-Dir - straight line, f - Maggie
Aim: Maggie, wielding a +0 glaive and wearing +0 acid dragon scales (chance to affect: 59%)
Okay, then.
Maggie barely misses you. Maggie barely misses you.
You see here 4 gold pieces.
You slash Maggie! You grab Maggie.
Maggie is lightly wounded.
You constrict Maggie, but do no damage. Maggie misses you.
You barely miss Maggie.
Maggie is lightly wounded.
You constrict Maggie. Maggie closely misses you. Maggie completely misses you.
You hit Maggie.
Maggie is lightly wounded.
You constrict Maggie. Maggie closely misses you.
You slash Maggie!
Maggie is moderately wounded.
You constrict Maggie. Maggie hits you with a +0 glaive!
You slash Maggie! You squeeze Maggie.
Maggie is severely wounded.
You constrict Maggie.
Maggie says, "Fear not.
I will immortalize you in the tale of my first kill."
Maggie points at you and mumbles some strange words.
The bolt of fire hits you! You resist. Maggie barely misses you.
You slash Maggie! You squeeze Maggie.
Maggie is almost dead.
You constrict Maggie. Maggie misses you.
You hit Maggie.
Maggie is almost dead.
You constrict Maggie.
You kill Maggie!
Your Evocations skill gained 2 levels and is now at level 5!
You now have 714 gold pieces (gained 9).
Things that are here:
a +0 glaive; +0 acid dragon scales You now have 718 gold pieces (gained 4).
You start resting.
Magic restored.
You start resting.
HP restored.
g - 2 scrolls labelled LOSAOS KINECH (gained 1)
An orc comes into view. It is wielding a +0 club.
An orc is nearby!
An orc is nearby!
A gnoll comes into view. It is wielding a +0 whip.
A gnoll comes into view. It is wielding a +0 club.
A gnoll comes into view. It is wielding a +0 spear.
An adder comes into view.
An orc comes into view. It is wielding a +0 short sword.
A gnoll comes into view. It is wielding a +0 whip.
Found a tapered glass wand.
The gnoll hits you with a +0 club!
The orc warrior shouts!
You closely miss the orc warrior. Your grab misses the orc warrior.
You slash the gnoll!
The gnoll shouts!
The orc shouts! x2; The gnoll shouts!
The adder hisses angrily.
The gnoll shouts!
The gnoll hits you from afar with a +0 spear!
The orc warrior hits you with a +0 war axe!
The orc warrior hits you with a +0 war axe.
The orc hits you with a +0 club.
The gnoll hits you from afar with a +0 spear!
You are too injured to fight recklessly!
The orc attacks as you move away! The orc closely misses you.
The orc warrior attacks as you move away!
The orc warrior hits you with a +0 war axe!
* * * LOW HITPOINT WARNING * * *
The orc barely misses you.
You feel much better. You block the gnoll's attack.
You are too injured to fight recklessly!
You are too injured to fight recklessly!
You slash the gnoll!
You kill the gnoll!
You barely miss the gnoll. You grab the gnoll. You constrict the gnoll.
The gnoll barely misses you.
Okay, then.
You slash the gnoll!
You kill the gnoll!
The orc throws a boomerang.
The boomerang barely misses you.
The orc warrior unwields a +0 war axe.
The orc warrior wields a +0 arbalest.
The orc warrior shoots a bolt.
The bolt hits you!
Your corrosive artefact corrodes you!
The orc throws a boomerang.
The boomerang closely misses you.
The gnoll is distracted by your dazzling golden aura.
The orc warrior shoots a bolt.
The bolt closely misses you.
You hear a shout!
The orc warrior shoots a bolt.
The bolt hits you!!
* * * LOW HITPOINT WARNING * * *
You are no longer corroded.
The orc warrior shoots a bolt.
You block the bolt.
The orc warrior shoots a bolt.
The bolt hits you!
* * * LOW HITPOINT WARNING * * *
The orc warrior shoots a bolt.
The bolt closely misses you.
You barely miss the gnoll. You grab the gnoll.
The gnoll is severely wounded.
You constrict the gnoll. The gnoll closely misses you.
You hit the gnoll. You squeeze the gnoll.
You kill the gnoll!
The orc warrior shoots a bolt.
The bolt hits you!
You die...
Your body crumbles into a pile of gold.

#<.....##......# #.
#####.#....##..###.## #.
.........)..........# #.
#.................# ##.
#.#..)....#..#<#..# #..
#...[)...W......# #..
..#####.####.##.##...# #..
........####.##......######..
.#####.....#@#####.#.........
#.....#.# #.#.........
#.......# #.#.....[...
#....o#######.###.......
#...........o..####..#..
######.######g.# ##.#..
...#.# #..# ##... ..#.#
####..# ##.. ####.#.# #.....#
#..


You could see an orc warrior.

Vanquished Creatures
  Pikel (D:6)
  Maggie (D:6)
  Grinder (D:3)
  Edmund (D:6)
  An orc warrior (D:6)
  2 black bears
  A phantom (D:6)
  A necrophage (D:6)
  3 scorpions
  3 hounds (D:4)
  A jelly (D:6)
  2 iguanas
  3 gnolls (D:6)
  6 adders
  2 ufetubi (D:5)
  A worm (D:3)
  5 dart slugs
  3 orcs
  6 ball pythons
  3 bats
  5 endoplasms
  3 giant cockroaches (D:2)
  9 goblins
  5 hobgoblins
  4 jackals (D:1)
  A kobold (D:2)
  5 quokkas
  2 frilled lizards (D:1)
  2 rats
83 creatures vanquished.

Notes
Turn   | Place    | Note
-------+----------+-------------------------------------------
     0 | D:5      | Flugkiller the Octopode Delver began the quest for the Orb.
     0 | D:5      | Reached XP level 1. HP: 16/16 MP: 1/1
    64 | D:4      | Noticed a hound
    68 | D:4      | Killed a hound
    69 | D:4      | Reached skill level 3 in Dodging
    69 | D:4      | Reached XP level 2. HP: 21/21 MP: 2/2
    69 | D:4      | Reached XP level 3. HP: 26/26 MP: 3/3
   110 | D:4      | Found a staircase to the Ecumenical Temple.
   124 | Temple   | Entered the Ecumenical Temple
   192 | Temple   | Became a worshipper of Gozag Ym Sagoz the Greedy
   261 | D:4      | Noticed an ogre
   280 | D:4      | Reached skill level 4 in Dodging
   280 | D:4      | Reached XP level 4. HP: 16/31 MP: 4/4
   884 | D:2      | Reached skill level 5 in Dodging
   915 | D:1      | Reached XP level 5. HP: 33/36 MP: 5/5
  1332 | D:1      | Found Laivish's Weapon Emporium.
  2071 | D:3      | Identified the ring "Imytanue" {*Slow rElec rCorr MP+9
                  | Stlth+}
  2362 | D:3      | Noticed Grinder
  2367 | D:3      | Paralysed by Grinder for 4 turns
  2384 | D:3      | Killed Grinder
  2385 | D:3      | Reached skill level 5 in Fighting
  2385 | D:3      | Reached XP level 6. HP: 26/45 MP: 3/6
  2547 | D:3      | Found a faded altar of an unknown god.
  2642 | D:3      | Found a hazy altar of Hepliaklqana.
  2643 | D:3      | Found a shimmering altar of Xom.
  2644 | D:3      | Noticed a spectral ugly thing
  3025 | D:5      | Reached skill level 6 in Dodging
  3025 | D:5      | Reached XP level 7. HP: 24/50 MP: 4/7
  3463 | D:5      | Identified the +7 war axe "Veciname" {holy, *Corrode rF+
                  | rC+ rN+}
  3546 | D:5      | Reached skill level 7 in Dodging
  3863 | D:6      | Reached skill level 1 in Axes
  3972 | D:6      | Noticed Pikel
  4129 | D:6      | Found an iron altar of Okawaru.
  4238 | D:6      | Killed Pikel
  4239 | D:6      | Reached skill level 8 in Dodging
  4239 | D:6      | Reached XP level 8. HP: 27/55 MP: 3/8
  4446 | D:6      | Noticed Edmund
  4473 | D:6      | Killed Edmund
  4648 | D:6      | Noticed a shadow
  4735 | D:6      | Noticed Maggie
  4770 | D:6      | Reached XP level 9. HP: 59/61 MP: 9/9
  4779 | D:6      | Killed Maggie
  4780 | D:6      | Reached skill level 5 in Evocations
  4943 | D:6      | Shot with a bolt by an orc warrior

Illustrated notes

Levels and vault maps discovered:
D:1:      dpeg_arrival_renting, layout_basic, serial_shops,
          nicolae_shop_statue_plus
D:2:      layout_basic
D:3:      layout_loops_ring, regret_index_temple_of_mockery,
          dreamdust_ecumenical_altar_hidden_monk_grotto, uniq_grinder
D:4:      layout_basic, minmay_temple_entry_trees
D:5:      layout_basic
D:6:      layout_loops_cross, mainiacjoe_overflow_catwalk, uniq_pikel,
          uniq_edmund, uniq_maggie
Temple:   eino_temple_lava

Skill      XL: |  1  2  3  4  5  6  7  8  9 |
---------------+----------------------------+-----
Dodging        | 3 4 5 6 8 |  8.9
Fighting       | 5 |  5.0
Axes           | 4 |  4.0
Evocations     | 3 5 |  5.6
Short Blades   | |  2.0
Stealth        | |  6.6
Shields        | |  0.3

Action                   |  1- 3 |  4- 6 |  7- 9 || total
-------------------------+-------+-------+-------++-------
Melee: Short sword       |    19 |   115 |    12 ||   146
       Constrict         |     2 |    31 |    13 ||    46
       Tentacles         |     2 |    23 |    14 ||    39
       Punch             |       |     1 |     1 ||     2
       War axe           |       |       |    57 ||    57
  Use: Potion            |       |     3 |     2 ||     5
 Stab: Sleeping          |     3 |    19 |     8 ||    30
Armor: Skin              |     1 |     5 |     2 ||     8
Dodge: Dodged            |    11 |    55 |    56 ||   122
Block: Buckler           |       |    11 |    14 ||    25

Table legend: (Time is in decaauts)
 A = Elapsed time spent in this place.
 B = Non-inter-level travel time spent in this place.
 C = Inter-level travel time spent in this place.
 D = Time resting spent in this place.
 E = Time spent auto-exploring this place.
 F = Levels seen in this place.
 G = Mean time per level.
                   A        B        C        D        E       F      G
               +--------+--------+--------+--------+--------+-----+--------+
         Total |   4954 |   4643 |    311 |    836 |   2377 |   7 |  707.7 |
       Dungeon |   4902 |   4605 |    297 |    836 |   2377 |   6 |  817.0 |
        Temple |     52 |     38 |     14 |      0 |      0 |   1 |   52.0 |
               +--------+--------+--------+--------+--------+-----+--------+

Top non-repeatable levels by time:
     D:6: 1089 daAuts
     D:5: 909 daAuts
     D:4: 901 daAuts
     D:3: 801 daAuts
     D:1: 687 daAuts
     D:2: 513 daAuts
  Temple: 52 daAuts
